 Dungeon Crawl Stone Soup version 0.29.1-12-g30fa7ad0bf (webtiles) character file.

Game seed: 9668601302588987885

241 FexLirch the Scratcher (level 5, -4/22 HPs)
             Began as a Felid Transmuter on Dec 16, 2022.
             Slain by a killer bee (7 damage)
             ... on level 6 of the Dungeon.
             The game lasted 00:19:16 (5342 turns).

FexLirch the Scratcher (Felid Transmuter)           Turns: 5342, Time: 00:19:17

Health: -4/22      AC:  2    Str:  6    XL:     5   Next: 80%
Magic:  7/9        EV: 17    Int: 16    God:
Gold:   235        SH:  0    Dex: 17    Spells: 2/8 levels left
                                        Lives:  0   Deaths: 1

rFire   . . .      SeeInvis +     - Unarmed
rCold   . . .      Faith    .   (shield unavailable)
rNeg    . . .      Spirit   .   (body armour unavailable)
rPois   .          Reflect  .   (helmet unavailable)
rElec   .          Harm     .   (cloak unavailable)
rCorr   .          Rampage  .   (gloves unavailable)
Will    .....                   (boots unavailable)
Stlth   ++........              (no amulet)
HPRegen 0.07/turn               (no ring)
MPRegen 0.11/turn               (no ring)

@: appendages, wereblooded, quick
A: horns 2, very small, claws 1, fangs 3, see invisible, speed 1, shaggy fur 2,
stealthy paws, no weapons or thrown items, no armour, multi-lived
a: End Transformation


You were on level 6 of the Dungeon.
You had temporarily grown beastly horns.
You visited 1 branch of the dungeon, and saw 6 of its levels.

You collected 235 gold pieces.

Inventory:

Scrolls
 c - 3 scrolls of teleportation {unknown}
 d - 3 scrolls of identify {unknown}
 e - 2 scrolls of vulnerability {unknown}
 f - a scroll of torment {unknown}
 i - 4 scrolls of magic mapping {unknown}
 j - a scroll of enchant weapon {unknown}
 l - a scroll of fear {unknown}
 n - a scroll of poison {unknown}
 o - a scroll of immolation {unknown}
Potions
 a - a potion of lignification
 b - 3 potions of mutation {unknown}
 g - a potion of heal wounds {unknown}
 h - a potion of attraction {unknown}
 k - a potion of magic {unknown}
 m - a potion of flight {unknown}


   Skills:
 - Level 1.0 Fighting
 - Level 2.6 Dodging
 - Level 3.3 Stealth
 * Level 5.6 Unarmed Combat
 - Level 2.0 Spellcasting
 * Level 5.5 Transmutations
 + Level 0.0 Poison Magic


You had 2 spell levels left.
You knew the following spells:

 Your Spells              Type           Power      Damage    Failure   Level
a - Beastly Appendage     Tmut           38%        N/A       2%          1
b - Wereblood             Tmut           19%        N/A       3%          2
c - Spider Form           Tmut/Pois      10%        N/A       21%         3

Your spell library contained the following spells:

 Spells                   Type           Power      Damage    Failure   Level
 Passwall                 Tmut/Erth      8%         N/A       10%         2
 Sandblast                Erth           2%         2d4       21%         1
 Inner Flame              Hex/Fire       1%         N/A       52%         3
 Stone Arrow              Conj/Erth      2%         3d7       52%         3
 Ice Form                 Ice/Tmut       10%        N/A       54%         4
 Anguish                  Hex/Necr       0%         N/A       90%         4
 Cause Fear               Hex            0%         N/A       90%         4
 Enfeeble                 Hex            0%         N/A       100%        7
 Discord                  Hex            0%         N/A       100%        8


Dungeon Overview and Level Annotations

Branches:
Dungeon (6/15)
 Temple: D:4-7

Altars:

Annotations:
D:2 Terence
D:3 Grinder


Innate Abilities, Weirdness & Mutations

You have temporarily grown beastly horns.
You have sharp claws.
You have razor-sharp teeth.
You have supernaturally acute eyesight. (SInv)
You cover ground quickly. (Speed+)
You are covered in thick fur. (AC +2)
Your paws help you pounce on unaware monsters.
You are incapable of wielding weapons or throwing items.
You cannot wear armour.
You gain extra lives every three experience levels.


Message History

A shadow imp is nearby!
There is an open door here.
The shadow imp shouts!
You hear an angry buzzing noise.
Casting: Wereblood (safe; 3% risk of failure)
Confirm with . or Enter, or press ? or * to list all spells.
You grow a pair of large bovine horns.
A killer bee comes into view.
The killer bee buzzes angrily.
You scratch the shadow imp.
The shadow imp is lightly wounded.
You hear an angry buzzing noise.
A killer bee comes into view.
The shadow imp hits you.
There is an open door here.
You close the door.
A shadow imp breaks down the door.
The killer bee stings you.
You miss the killer bee. You headbutt the killer bee.
The killer bee is moderately wounded.
The killer bee stings you.
A killer bee comes into view.
The killer bee completely misses you.
Casting: Beastly Appendage (safe; 2% risk of failure)
Confirm with . or Enter, or press ? or * to list all spells.
Your blood is infused with primal strength.
The killer bee buzzes angrily.
You hear an angry buzzing noise.
The killer bee closely misses you.
A killer bee comes into view.
You scratch the shadow imp but do no damage.
The shadow imp is lightly wounded.
The killer bee closely misses you. The killer bee stings you.
The shadow imp hits you.
* * * LOW HITPOINT WARNING * * *
You completely miss the killer bee. Your headbutt misses the killer bee.
The killer bee is moderately wounded.
The killer bee misses you.
You scratch the killer bee.
The killer bee is heavily wounded.
The killer bee misses you. The shadow imp closely misses you.
The killer bee stings you!
You die...

#..# #.# ##...## #.# #..###.#
##.....## ####.# #......#
##.......## ##.##.#
##....####.........####.....####
#.......+.........+............
#....####......|..####....###.#
#....# ##.......## ##.#.# #.#
##...# ##.....## #.#.# #.# ##.##
##.y@## #.#.. #.# #.# ####5####
#.##.##.# ... ####...yy..# #.#
.##.# #. .......y##.# #.# .##.#
####.##.# # ..# #. ... ### #
..... ##...## ##.#.


You could see 3 killer bees and a shadow imp.

Vanquished Creatures
  A scorpion (D:5)
  2 necrophages
  A jelly (D:4)
  A hound (D:4)
  2 orc priests (D:4)
  6 adders
  2 worms
  4 dart slugs
  14 orcs
  4 endoplasms
  4 giant cockroaches
  5 goblins
  5 hobgoblins
  10 jackals
  A quokka (D:4)
  9 ball pythons
  10 bats
  3 frilled lizards
  6 kobolds
  4 rats
94 creatures vanquished.

Notes
Turn   | Place    | Note
-------+----------+-------------------------------------------
     0 | D:1      | FexLirch the Felid Transmuter began the quest for the Orb.
     0 | D:1      | Reached XP level 1. HP: 9/9 MP: 4/4
   657 | D:1      | Found a faded altar of an unknown god.
   684 | D:1      | Reached XP level 2. HP: 12/12 MP: 4/6
   688 | D:1      | Learned a level 2 spell: Wereblood
   945 | D:2      | Reached skill level 1 in Stealth
  1069 | D:3      | Reached XP level 3. HP: 15/15 MP: 4/7
  1156 | D:2      | Noticed Terence
  2704 | D:3      | Reached XP level 4. HP: 19/19 MP: 5/8
  3021 | D:3      | Noticed Grinder
  3339 | D:4      | Reached XP level 5. HP: 16/22 MP: 7/9
  3665 | D:4      | Gained mutation: You are covered in thick fur. (AC +2)
                  | [Felid growth]
  3665 | D:4      | Reached XP level 6. HP: 14/25 MP: 8/10
  3873 | D:4      | Reached skill level 5 in Unarmed Combat
  4109 | D:4      | Reached skill level 5 in Transmutations
  4449 | D:5      | Entered Level 5 of the Dungeon
  5113 | D:5      | Learned a level 3 spell: Spider Form
  5172 | D:6      | Slain by a hound
  5173 | D:6      | Reached XP level 5. HP: -1/22 MP: 9/9
  5188 | D:6      | Noticed an ogre
  5342 | D:6      | Slain by a killer bee

Illustrated notes

Levels and vault maps discovered:
D:1:      dpeg_arrival_three_same_balls, layout_basic,
          nicolae_ecumenical_snake_handling, chequers_serial_rivers_large_b
D:2:      layout_basic, uniq_terence
D:3:      layout_basic, uniq_grinder
D:4:      layout_basic
D:5:      layout_basic, minmay_temple_entry_statues_fountains,
          gammafunk_ghost_split
D:6:      layout_loops_corners, st_stairs_4, chequers_arboretum,
          grunt_ministairs_1, uniq_crazy_yiuf_cottage

Skill      XL: |  1  2  3  4  5  6 |
---------------+-------------------+-----
Transmutations | 3 4 5 |  5.5
Stealth        | 1 2 3 |  3.3
Unarmed Combat | 4 5 |  5.6
Fighting       | |  1.0
Dodging        | |  2.6
Spellcasting   | |  2.0

Action                   |  1- 3 |  4- 6 || total
-------------------------+-------+-------++-------
Melee: Unarmed           |   125 |   149 ||   274
       Headbutt          |    13 |    27 ||    40
       Punch             |     5 |     4 ||     9
       Bite              |    10 |    14 ||    24
 Cast: Beastly Appendage |    31 |    22 ||    53
       Wereblood         |    10 |    12 ||    22
 Stab: Sleeping          |     4 |     1 ||     5
Armor: Skin              |    12 |     8 ||    20
Dodge: Dodged            |    95 |   103 ||   198
